 Dungeon Crawl Stone Soup version 0.22-a0-353-g2d6336e (webtiles) character file.

2454 Chaoticas the Geomancer (level 9, -12/45 HPs)
             Began as a Gargoyle Earth Elementalist on Apr 15, 2018.
             Was a Believer of Ashenzari.
             Mangled by an orc warrior
             ... wielding a +0 halberd
              (17 damage)
             ... on level 8 of the Dungeon.
             The game lasted 00:17:24 (6614 turns).

Chaoticas the Geomancer (GrEE)                      Turns: 6614, Time: 00:17:25

Health: -12/45     AC: 15    Str: 11    XL:     9   Next: 50%
Magic:  28/28      EV: 13    Int: 20    God:    Ashenzari [**....]
Gold:   512        SH:  0    Dex: 10    Spells: 12/21 levels left

rFire    . . .     SeeInvis .   e - +2 whip (venom)
rCold    . . .     Gourm    .   (no shield)
rNeg     + . .     Faith    .   r - +0 leather armour {rPois}
rPois    ∞         Spirit   .   (no helmet)
rElec    +         Reflect  .   D - +2 cloak {+Inv}
rCorr    .         Harm     .   B - +2 pair of gloves
MR       .....                  (no boots)
Stlth    ++........             (no amulet)
HPRegen  0.15/turn              w - ring of magical power
MPRegen  0.21/turn              p - +2 ring of evasion

@: slowed, very slow
A: negative energy resistance 1, electricity resistance, unbreathing,
petrification resistance, rot immunity, AC +6
a: Curse Item, Scrying, Renounce Religion, Evoke Invisibility


You were on level 8 of the Dungeon.
You worshipped Ashenzari.
Ashenzari was pleased with you.
You were not hungry.

You visited 1 branch of the dungeon, and saw 8 of its levels.

You collected 512 gold pieces.

Inventory:

Hand Weapons
 e - a +2 whip of venom (weapon)
   (You took it off a kobold on level 1 of the Dungeon)
 A - a +1 hunting sling of flaming
   (You found it on level 5 of the Dungeon)
Missiles
 b - 223 stones (quivered)
Armour
 g - a +0 pair of gloves
   (You found it on level 1 of the Dungeon)
 r - a +0 leather armour of poison resistance (worn)
   (You found it on level 3 of the Dungeon)
 B - a +2 pair of gloves (worn)
   (You found it on level 3 of the Dungeon)
 D - a +2 cloak of invisibility (worn)
   (You found it on level 6 of the Dungeon)
Jewellery
 h - an uncursed ring of resist corrosion
   (You found it on level 1 of the Dungeon)
 m - an uncursed ring of stealth
   (You found it on level 1 of the Dungeon)
 p - a +2 ring of evasion (right hand)
   (You found it on level 2 of the Dungeon)
 w - a ring of magical power (left hand)
   (You found it on level 3 of the Dungeon)
 z - an uncursed ring of protection from fire
   (You found it on level 5 of the Dungeon)
Wands
 c - a wand of disintegration (20)
   (You found it on level 5 of the Dungeon)
Scrolls
 a - 8 scrolls of identify {unknown}
 f - 2 scrolls of enchant weapon {unknown}
 j - 2 scrolls of teleportation {unknown}
 k - a scroll of amnesia {unknown}
 n - 2 scrolls of fear {unknown}
 s - a scroll of blinking {unknown}
 t - a scroll of remove curse {@r2}
 v - a scroll of fog {unknown}
 y - a scroll of random uselessness {unknown}
 E - a scroll of enchant armour {unknown}
 F - a scroll of magic mapping {unknown}
Potions
 i - 3 potions of ambrosia
 l - 5 potions of curing {@q1}
 o - 2 potions of agility {unknown}
 q - 2 potions of heal wounds {unknown}
 u - a potion of lignification {unknown}
 x - a potion of haste {unknown}
 C - 2 potions of might {unknown}
Comestibles
 d - 14 rations


   Skills:
 - Level 1.5 Dodging
 - Level 2.1 Stealth
 + Level 6.8 Spellcasting
   Level 0.7 Transmutations
 * Level 12.4 Earth Magic


You had 12 spell levels left.
You knew the following spells:

 Your Spells              Type           Power        Failure   Level  Hunger
a - Sandblast             Erth           ######       1%          1    None
b - Stone Arrow           Conj/Erth      ####..       3%          3    #......
c - Lee's Rapid Deconstr  Erth           ######....   1%          5    #####..


Dungeon Overview and Level Annotations

Branches:
Dungeon (8/15)             Temple (0/1) D:7
   Lair: D:8-11

Altars:
Ashenzari
Gozag
Makhleb
Sif Muna
Vehumet
Wu Jian
Yredelemnul
The Shining One


Innate Abilities, Weirdness & Mutations

You are resistant to torment.
Your stone body is resilient. (AC +6)
You are immune to poison.
You resist negative energy. (rN+)
You are resistant to electric shocks. (rElec)
You can survive without breathing.
You are immune to petrification.
You are immune to rotting.


Message History

Aim: an orc priest, wielding a dagger The blast of sand hits the orc priest.
You kill the orc priest!
b - 223 stones The orc warrior closely misses you.
The orc barely misses you.
An orc wizard comes into view. It is wielding a dagger.
The orc wizard casts a spell.
The orc wizard blinks!
The orc wizard mumbles some strange words.
The orc wizard seems to speed up.
The orc hits you but does no damage. The orc hits you but does no damage.
The orc warrior hits you from afar with a halberd!
* * * LOW HITPOINT WARNING * * *
The orc barely misses you. The orc hits you but does no damage.
It was a potion of ambrosia.
You are confused.
You feel invigorated.
The orc priest shouts!
The orc warrior hits you but does no damage.
The orc hits you but does no damage. The orc misses you.
The orc warrior closely misses you.
It was a potion of curing.
You feel better.
You feel less invigorated.
The orc wizard hits you but does no damage.
The orc closely misses you. The orc misses you.
The orc wizard barely misses you. The orc warrior closely misses you.
The orc barely misses you.
The orc wizard mumbles some strange words.
The orc wizard blinks!
The orc barely misses you.
The orc wizard gestures at you while chanting.
You easily resist.
The orc wizard casts a spell at you. The magic dart hits you!
The orc wizard points at you and mumbles some strange words.
The magic dart hits you!
* * * LOW HITPOINT WARNING * * *
The orc warrior barely misses you. The orc closely misses you.
The orc wizard casts a spell at you.
You feel as though you will be slow longer.
The orc wizard hits you but does no damage.
The orc warrior hits you from afar with a halberd!!
* * * LOW HITPOINT WARNING * * *
The orc wizard closely misses you.
The orc wizard hits you but does no damage.
The orc warrior misses you. The orc wizard casts a spell at you.
You easily resist.
The orc priest looks encouraged for a moment.
The orc warrior hits you from afar with a halberd!
You die...

#.#........ #.#........
, #.#......##
*.......... ..... *
#........## ....
#..........,, ... *,*
#.<......# * #.. *
##.......########$. *
#.@................
#.###.o............##..
#......oo..........##.o
#####.oo.....(.........
#........#....o....
#..................
#.......))#####....
#....#.....)..(....
######.########....


You could see an orc warrior, an orc priest, an orc wizard and 2 orcs.

Vanquished Creatures
  Erica (D:8)
  Grinder (D:5)
  A sky beast (D:7)
  An orc warrior (D:7)
  An ice beast (D:7)
  2 ogres (D:4)
  A necrophage (D:6)
  2 bullfrogs
  2 scorpions
  4 crimson imps
  A quasit (D:4)
  3 hounds (D:4)
  5 orc priests
  3 bullfrog skeletons
  An orc wizard (D:5)
  6 worker ants
  A howler monkey skeleton (D:4)
  5 adders
  3 adder skeletons
  3 worms
  3 dart slugs
  9 leopard geckos
  17 orcs
  4 giant cockroaches
  10 goblins
  6 hobgoblins
  6 jackals (D:5)
  5 quokkas
  2 ball pythons
  8 bats
  8 frilled lizards
  11 kobolds
  8 rats
144 creatures vanquished.

Notes
Turn   | Place    | Note
-------+----------+-------------------------------------------
     0 | D:1      | Chaoticas the Gargoyle Earth Elementalist began the quest for the Orb.
     0 | D:1      | Reached XP level 1. HP: 10/10 MP: 3/3
     3 | D:1      | Noticed an electric eel
     3 | D:1      | Noticed an electric eel
   109 | D:1      | Reached skill level 4 in Earth Magic
   121 | D:1      | Reached XP level 2. HP: 15/15 MP: 5/5
   525 | D:1      | Reached XP level 3. HP: 19/19 MP: 6/6
  1034 | D:2      | Reached skill level 5 in Earth Magic
  1077 | D:2      | Reached XP level 4. HP: 23/24 MP: 5/8
  1175 | D:2      | Reached XP level 5. HP: 28/28 MP: 5/9
  1331 | D:2      | Reached skill level 6 in Earth Magic
  1349 | D:2      | Learned a level 3 spell: Stone Arrow
  1355 | D:2      | Learned a level 5 spell: Lee's Rapid Deconstruction
  1469 | D:2      | Found a shattered altar of Ashenzari.
  1485 | D:2      | Became a worshipper of Ashenzari the Shackled
  1778 | D:3      | Found a burning altar of Makhleb.
  1778 | D:3      | Found an ornate altar of the Wu Jian Council.
  1778 | D:3      | Found a radiant altar of Vehumet.
  1778 | D:3      | Found an opulent altar of Gozag.
  1778 | D:3      | Found a glowing golden altar of the Shining One.
  2335 | D:3      | Found a glowing drain.
  3023 | D:4      | Reached XP level 6. HP: 18/32 MP: 11/11
  3323 | D:4      | Reached skill level 7 in Earth Magic
  3565 | D:4      | Reached XP level 7. HP: 34/36 MP: 13/13
  3585 | D:4      | Reached * piety under Ashenzari
  3608 | D:4      | Reached skill level 8 in Earth Magic
  3950 | D:5      | Entered Level 5 of the Dungeon
  4169 | D:5      | Found a deep blue altar of Sif Muna.
  4555 | D:5      | Reached skill level 9 in Earth Magic
  4681 | D:5      | Noticed Grinder
  4681 | D:5      | Paralysed by Grinder for 6 turns
  4689 | D:5      | Killed Grinder
  4689 | D:5      | Reached skill level 5 in Spellcasting
  4689 | D:5      | Reached XP level 8. HP: 41/41 MP: 15/15
  5058 | D:6      | Reached skill level 10 in Earth Magic
  5739 | D:7      | Reached ** piety under Ashenzari
  5742 | D:7      | Found a basalt altar of Yredelemnul.
  6088 | D:7      | Reached skill level 11 in Earth Magic
  6116 | D:7      | Reached XP level 9. HP: 45/45 MP: 18/18
  6214 | D:7      | Found a staircase to the Ecumenical Temple.
  6558 | D:8      | Noticed Erica
  6600 | D:8      | Killed Erica
  6600 | D:8      | Reached skill level 12 in Earth Magic
  6614 | D:8      | Mangled by an orc warrior

Vault maps used:
D:1:      arrival_aquarium_b, minivault_11
D:2:      lemuel_crystal_altar
D:3:      lemuel_crystal_altar, chequers_temple_overflow_statue_of_worship,
          portal_sewer_entry_f, kennysheep_generic_room_6
D:4:      cheibrodos_barr_body
D:5:      lemuel_crystal_altar, first_ration, uniq_grinder
D:7:      minmay_temple_entry_grid, yredelemnul_altar_generic
D:8:      kennysheep_big_flooded_room, kennysheep_little_box, grunt_ogre_cave,
          uniq_pikel, uniq_erica, uniq_psyche

Skill      XL: |  1  2  3  4  5  6  7  8  9 |
---------------+----------------------------+-----
Earth Magic    | 4 5 6 7 9 11 12 | 12.4
Spellcasting   | 3 4 5 6 |  6.8
Dodging        | |  1.5
Stealth        | |  2.1
Transmutations | |  0.7

Action                   |  1- 3 |  4- 6 |  7- 9 || total
-------------------------+-------+-------+-------++-------
Melee: Unarmed           |     5 |       |       ||     5
       Whip              |    78 |   117 |   145 ||   340
 Cast: Sandblast         |     7 |    21 |    48 ||    76
  Use: Potion            |       |       |     2 ||     2
 Stab: Sleeping          |     4 |     7 |     3 ||    14
  Eat: Chunk             |     1 |     4 |     6 ||    11
       Ration            |       |     1 |     1 ||     2
Armor: Robe              |    46 |    20 |       ||    66
       Leather armour    |       |    37 |    62 ||    99
Dodge: Dodged            |    88 |    90 |   136 ||   314

Table legend:
 A = Spawn XP
 B = Non-spawn XP
 C = Spawn XP percentage of total XP
 D = Spawn monster count
 E = Non-spawn monster count
 F = Spawn count percentage of total count
 G = Total turns spent on level
                    A         B        C        D         E        F      G
               +---------+---------+-------+---------+---------+-------+---------
         Total |       0 |    3507 |   0.0 |       0 |     144 |   0.0 |  6614
               +---------+---------+-------+---------+---------+-------+---------
           D:1 |       0 |      54 |   0.0 |       0 |      27 |   0.0 |   916
           D:2 |       0 |     142 |   0.0 |       0 |      21 |   0.0 |   862
           D:3 |       0 |      87 |   0.0 |       0 |      32 |   0.0 |  1236
           D:4 |       0 |     579 |   0.0 |       0 |      20 |   0.0 |   936
           D:5 |       0 |     600 |   0.0 |       0 |      20 |   0.0 |   937
           D:6 |       0 |     258 |   0.0 |       0 |       6 |   0.0 |   850
           D:7 |       0 |     809 |   0.0 |       0 |      15 |   0.0 |   766
           D:8 |       0 |     978 |   0.0 |       0 |       3 |   0.0 |   111
               +---------+---------+-------+---------+---------+-------+---------
